 Dungeon Crawl Stone Soup version 0.24.0-123-gd5b16e6ec5 (webtiles) character file.

Game seed: 13850211720648344609, levelgen mode: deterministic

2074 Bombadil the Covert (level 9, -1/51 HPs)
             Began as a Vampire Assassin on Dec 17, 2019.
             Was an Initiate of Gozag.
             Killed from afar by an orc wizard (4 damage)
             ... with a magic dart
             ... on level 6 of the Dungeon.
             The game lasted 00:14:03 (7279 turns).

Bombadil the Covert (Vampire Assassin)              Turns: 7279, Time: 00:14:03

Health: -1/51      AC:  5    Str: 11    XL:     9   Next: 6%
Magic:  12/12      EV: 14    Int: 15    God:    Gozag
Gold:   301        SH:  0    Dex: 16    Spells: 6/12 levels left

rFire    . . .     SeeInvis +   a - +2 dagger
rCold    + + .     Gourm    .   (no shield)
rNeg     + + +     Faith    .   b - +0 robe
rPois    ∞         Spirit   .   (no helmet)
rElec    .         Reflect  .   c - +0 cloak
rCorr    .         Harm     .   (no gloves)
MR       .....                  (no boots)
Stlth    +++++++...             (no amulet)
HPRegen  0.00/turn              x - +2 ring of protection
MPRegen  0.13/turn              (no ring)

@: bloodless
A: no food, fangs 3, see invisible, unbreathing
a: Bat Form, Revivify, Potion Petition, Call Merchant, Bribe Branch, Renounce
Religion


You were on level 6 of the Dungeon.
You worshipped Gozag.
Gozag was aware of your devotion.
You were bloodless.

You visited 2 branches of the dungeon, and saw 8 of its levels.

You collected 632 gold pieces.
You spent 261 gold pieces at shops.
You paid 70 gold pieces to Gozag.

Inventory:

Hand Weapons
 a - a +2 dagger (weapon)
Missiles
 d - 16 poisoned darts (quivered)
 e - 2 curare-tipped darts
 n - 3 datura-tipped darts
 t - a throwing net
Armour
 b - a +0 robe (worn)
 c - a +0 cloak (worn)
Jewellery
 x - a +2 ring of protection (left hand)
Wands
 u - a wand of polymorph (12)
Scrolls
 g - 5 scrolls of remove curse
 i - 6 scrolls of teleportation {unknown}
 l - a scroll of magic mapping {unknown}
 m - a scroll of fog {unknown}
 p - a scroll of enchant weapon {unknown}
 q - 2 scrolls of enchant armour {unknown}
 r - a scroll of identify {unknown}
Potions
 f - 4 potions of curing
 h - a potion of flight {unknown}
 j - a potion of degeneration {unknown}
 k - a potion of resistance {unknown}
 o - 2 potions of agility {unknown}
 s - a potion of invisibility
 v - a potion of mutation {unknown}
Miscellaneous
 w - a crystal ball of energy


   Skills:
 + Level 3.3 Fighting
 + Level 5.6 Short Blades
 + Level 2.6 Throwing
 + Level 4.1 Dodging
 + Level 13.2 Stealth
 + Level 2.0 Spellcasting
 + Level 0.7 Hexes
 * Level 3.6 Summonings


You had 6 spell levels left.
You knew the following spells:

 Your Spells              Type           Power        Failure   Level  Hunger
a - Blink                 Tloc           N/A          32%         2    N/A
b - Call Imp              Summ           ##......     8%          2    N/A
c - Slow                  Hex            #.......     26%         2    N/A

Your spell library contained the following spells:

 Spells                   Type           Power        Failure   Level  Hunger
 Flame Tongue             Conj/Fire      #....        22%         1    N/A
 Magic Dart               Conj           #...         22%         1    N/A
 Conjure Flame            Conj/Fire      #.......     54%         3    N/A
 Mephitic Cloud           Conj/Pois/Air  #.......     54%         3    N/A
 Cause Fear               Hex            #.........   86%         4    N/A
 Bolt of Fire             Conj/Fire      #.........   100%        6    N/A
 Dragon Form              Tmut           #.........   100%        7    N/A
 Dragon's Call            Summ           ##........   100%        9    N/A

Dungeon Overview and Level Annotations

Branches:
Dungeon (7/15)             Temple (1/1) D:5

Altars:
Ashenzari
Cheibriados
Elyvilon
Fedhas
Gozag
Kikubaaqudgha
Makhleb
Nemelex Xobeh
Okawaru
Qazlal
Sif Muna
Uskayaw
Xom
Yredelemnul
Zin
The Shining One

Shops:
D:5 !   D:6 *

Annotations:
D:3 2 transporters, FishyPogo's ghost, amateur GnTm
D:6 1 runed translucent door, Crazy Yiuf


Innate Abilities, Weirdness & Mutations

You do not eat.
You do not regenerate when monsters are visible.
You are frail without blood (-20% HP).
You can heal yourself when you bite living creatures.
You are immune to poison.
You have razor-sharp teeth.
You have supernaturally acute eyesight. (SInv)
You can survive without breathing.


Message History

The orc wizard blinks!
The orc wizard barely misses you.
You swap places.
The orc wizard hits your crimson imp but does no damage.
Your crimson imp barely misses the orc wizard.
The orc wizard casts a spell at you. The magic dart hits your crimson imp.
Your crimson imp hits the orc wizard but does no damage.
The orc wizard mumbles some strange words.
The orc wizard blinks!
Your crimson imp blinks!
The orc wizard points at your crimson imp and mumbles some strange words.
The magic dart hits you.
* * * LOW HITPOINT WARNING * * *
Your crimson imp blinks!
An orc wizard is nearby!
Your crimson imp disappears in a puff of smoke!
The orc wizard casts a spell at you. The magic dart hits you.
You die...
Your body crumbles into a pile of gold.

..###.##########.#.#
...............#.#.######
.###.[..######.#.#......#
.#.'....# #.#o######.#
.#)#.[..# #.#.# #.#
.#)#...## #.#.# #.#
.###...#######.#.# #.#
...............#.# #.#
..)....#######.#@# #.#
...)...#########.# #.#
.................######.#
........................#
#.#######################
#.# #.# ..# #.#


You could see an orc wizard.

Vanquished Creatures
  Prince Ribbit (D:5)
  4 humans (D:6)
  Edmund (D:5)
  A phantom (D:6)
  An ogre (D:5)
  A centaur (D:5)
  4 bullfrogs (D:6)
  Blork the orc (D:4)
  2 scorpions
  A jelly (D:6)
  2 orc priests
  2 orc wizards
  A bullfrog skeleton (D:5)
  A worker ant (D:5)
  A hound skeleton (D:5)
  A gnoll (D:1)
  6 adders
  A shadow imp (D:5)
  A worm (D:5)
  2 dart slugs (D:3)
  A leopard gecko (D:1)
  15 orcs
  5 giant cockroaches
  4 goblins
  6 hobgoblins
  5 jackals (D:3)
  6 quokkas
  A ball python (D:1)
  9 bats
  5 frilled lizards
  2 gnoll zombies (D:3)
  6 kobolds
  A quokka skeleton (D:5)
  9 rats
110 creatures vanquished.

Vanquished Creatures (collateral kills)
  A human (D:6)
  An ogre (D:6)
  A bullfrog (D:6)
  A crimson imp (D:6)
  An orc priest (D:6)
  An orc wizard (D:6)
  An orc (D:6)
7 creatures vanquished.

Grand Total: 117 creatures vanquished

Notes
Turn   | Place    | Note
-------+----------+-------------------------------------------
     0 | D:1      | Bombadil the Vampire Assassin began the quest for the Orb.
     0 | D:1      | Reached XP level 1. HP: 16/16 MP: 1/1
    59 | D:1      | Reached skill level 6 in Stealth
   255 | D:1      | Reached XP level 2. HP: 19/22 MP: 2/2
   518 | D:1      | Reached XP level 3. HP: 23/27 MP: 3/3
   637 | D:2      | Reached skill level 7 in Stealth
   713 | D:2      | Learned a level 2 spell: Blink
  1500 | D:3      | Reached XP level 4. HP: 26/26 MP: 4/4
  1744 | D:3      | Found a snail-covered altar of Cheibriados.
  1824 | D:3      | Found a transporter.
  2176 | D:3      | Found a transporter.
  2350 | D:3      | Noticed FishyPogo's ghost (amateur GnTm)
  2352 | D:3      | Found a blossoming altar of Fedhas.
  2642 | D:3      | Found a basalt altar of Yredelemnul.
  2713 | D:4      | Noticed a +0 dagger
  2713 | D:4      | Noticed a +0 dagger
  2714 | D:4      | Found a hide-covered altar of Uskayaw.
  2959 | D:4      | Noticed Blork the orc
  2964 | D:4      | Killed Blork the orc
  2964 | D:4      | Reached skill level 8 in Stealth
  2964 | D:4      | Reached skill level 1 in Spellcasting
  2964 | D:4      | Reached XP level 5. HP: 30/30 MP: 5/7
  2968 | D:4      | Learned a level 2 spell: Call Imp
  2971 | D:4      | Learned a level 2 spell: Slow
  3204 | D:5      | Entered Level 5 of the Dungeon
  3217 | D:5      | Found a staircase to the Ecumenical Temple.
  3227 | Temple   | Entered the Ecumenical Temple
  3284 | Temple   | Became a worshipper of Gozag Ym Sagoz the Greedy
  3452 | D:5      | Noticed an ogre
  3456 | D:5      | Killed an ogre
  3456 | D:5      | Reached skill level 9 in Stealth
  3456 | D:5      | Reached XP level 6. HP: 36/36 MP: 8/8
  3479 | D:5      | Found Usiff's Distillery.
  3496 | D:5      | Bought a potion of invisibility for 88 gold pieces
  3496 | D:5      | Bought a potion of curing for 33 gold pieces
  3503 | D:5      | Noticed Edmund
  3508 | D:5      | Killed Edmund
  3508 | D:5      | Reached skill level 10 in Stealth
  3508 | D:5      | Reached XP level 7. HP: 40/40 MP: 9/9
  3520 | D:5      | Noticed Prince Ribbit
  3526 | D:5      | Killed Prince Ribbit
  3526 | D:5      | Reached skill level 11 in Stealth
  4380 | D:6      | Noticed a human
  4385 | D:6      | Noticed a human
  4385 | D:6      | Noticed a human
  4386 | D:6      | Noticed a human
  4387 | D:6      | Killed a human
  4387 | D:6      | Reached skill level 1 in Summonings
  4538 | D:6      | Reached skill level 12 in Stealth
  4538 | D:6      | Reached XP level 8. HP: 45/45 MP: 10/10
  4871 | D:6      | Reached skill level 5 in Short Blades
  5204 | D:6      | Found a stormy altar of Qazlal.
  5205 | D:6      | Noticed an air elemental
  5321 | D:6      | HP: 2/46 [human/+0 whip (19)]
  5768 | D:6      | Reached skill level 13 in Stealth
  6451 | D:6      | Found a runed translucent door.
  6452 | D:6      | Noticed Crazy Yiuf
  6519 | D:6      | Reached XP level 9. HP: 51/51 MP: 11/11
  6667 | D:6      | Found Tury's General Store.
  6853 | D:6      | Bought a +2 ring of protection for 140 gold pieces
  7160 | D:7      | Found a burning altar of Makhleb.
  7279 | D:6      | Killed from afar by an orc wizard

Levels and vault maps discovered:
D:1:      lemuel_arrival_muddy, layout_loops_cross
D:2:      layout_loops_corners
D:3:      layout_basic, cheibriados_altar_1, lemuel_zombie_altar_yredelemnul,
          gammafunk_ghost_stat_death, fedhas_altar_1
D:4:      layout_gridville, dancing_weapons_uskayaw, uniq_blork_the_orc
D:5:      layout_loops_corners, minmay_temple_entry_drinking_statues,
          serial_shops, shop_statue, first_ration, chequers_mini_garden,
          uniq_edmund, uniq_prince_ribbit1
D:6:      layout_basic, nicolae_qazlal_style_of_elements, serial_shops,
          nicolae_shop_trees, minivault_5, minmay_ruffians,
          uniq_crazy_yiuf_cottage
D:7:      cheibrodos_steamvent, layout_rooms, hangedman_ru_absence,
          gammafunk_temple_overflow_statue, nicolae_overflow_crystal_walls,
          overflow_temple_1_default, old_standard_altar, uniq_duvessa
Temple:   jpeg_temple_alley_garden

Skill      XL: |  1  2  3  4  5  6  7  8  9 |
---------------+----------------------------+-----
Stealth        | 6 7 8 9 10 12 13 | 13.2
Fighting       | 2 3 |  3.3
Short Blades   | 3 4 5 |  5.6
Dodging        | 2 3 4 |  4.1
Spellcasting   | 1 2 |  2.0
Throwing       | 2 |  2.6
Summonings     | 1 3 |  3.6
Hexes          | |  0.7

Action                   |  1- 3 |  4- 6 |  7- 9 || total
-------------------------+-------+-------+-------++-------
Melee: Dagger            |   104 |    88 |   169 ||   361
       Bite              |     5 |     9 |    19 ||    33
Throw: Dart              |       |     2 |    26 ||    28
 Cast: Call Imp          |       |       |    12 ||    12
       Slow              |       |       |     1 ||     1
 Abil: Exsanguinate      |     1 |       |       ||     1
  Use: Scroll            |     2 |     1 |       ||     3
       Potion            |       |       |     1 ||     1
 Stab: Sleeping          |     6 |    21 |    20 ||    47
Armor: Robe              |    28 |    17 |    21 ||    66
Dodge: Dodged            |    58 |    36 |    92 ||   186
